 Dungeon Crawl Stone Soup version 0.27-a0-46-g34d46f0a3f (webtiles) character file.

Game seed: 12335316438056575546

11 Borgoz the Shield-Bearer (level 2, 0/20 HPs)
             Began as a Halfling Fighter on Jan 6, 2021.
             Slain by a gnoll
             ... wielding a +0 whip
              (3 damage)
             ... on level 1 of the Dungeon.
             The game lasted 00:00:32 (708 turns).

Borgoz the Shield-Bearer (Halfling Fighter)          Turns: 708, Time: 00:00:32

Health: 0/20       AC:  6    Str: 17    XL:     2   Next: 35%
Magic:  2/2        EV:  8    Int:  6    God:
Gold:   35         SH:  9    Dex: 13    Spells: 1/1 levels left

rFire    . . .     SeeInvis .   a - +0 long sword
rCold    . . .     Faith    .   c - +0 kite shield
rNeg     . . .     Spirit   .   b - +0 scale mail
rPois    .         Reflect  .   (no helmet)
rElec    .         Harm     .   (no cloak)
rCorr    .         Rampage  .   (no gloves)
Will     .....                  (no boots)
Stlth    ..........             (no amulet)
HPRegen  0.06/turn              (no ring)
MPRegen  0.08/turn              (no ring)

@: no status effects
A: small, mutation resistance 1
a: no special abilities


You were on level 1 of the Dungeon.
You visited 1 branch of the dungeon, and saw 2 of its levels.

You collected 35 gold pieces.

Inventory:

Hand Weapons
 a - a +0 long sword (weapon)
Armour
 b - a +0 scale mail (worn)
 c - a +0 kite shield (worn)
 g - a +1 helmet
Scrolls
 i - 3 scrolls of teleportation {unknown}
 k - a scroll of amnesia {unknown}
 l - a scroll of identify {unknown}
Potions
 d - a potion of might
 e - a potion of curing {unknown}
 h - a potion of flight {unknown}
 j - a potion of resistance {unknown}


   Skills:
 * Level 2.9 Fighting
 * Level 2.3 Long Blades
 + Level 3.4 Armour
 + Level 3.4 Shields


You had one spell level left.
You didn't know any spells.
Your spell library was empty.

Dungeon Overview and Level Annotations

Branches:
Dungeon (2/15)

Altars:


Innate Abilities, Weirdness & Mutations

You are small and have problems with some larger weapons.
You are somewhat resistant to further mutation.


Message History

You block the gnoll's attack.
You hit the gnoll.
The gnoll is almost dead.
The gnoll hits you. You block the gnoll's attack.
The gnoll hits you with a +1 halberd of freezing!
* * * LOW HITPOINT WARNING * * *
The gnoll freezes you.
* * * LOW HITPOINT WARNING * * *
The rat bites you.
* * * LOW HITPOINT WARNING * * *
The gnoll closely misses you.
You are too injured to fight recklessly!
You block the gnoll's attack. x2; You block the rat's attack.
The gnoll hits you but does no damage.
You climb upwards.
There is a stone staircase leading down here.
Okay, then.
It was a potion of cancellation.
You feel magically purged. The gnoll hits you with a +0 whip.
You die...

##
#..##.########.......#
##.##.#......#######.#
#.##.#......#######.#
#..#................#
##.#.#......#########
#...#......#
#..........#
#...g......#
#.r@g####### #.g..#
#....# #....# #....#
######


You could see 3 gnolls and a rat.

Vanquished Creatures
  A giant cockroach (D:1)
  2 goblins (D:1)
  A hobgoblin (D:1)
  A ball python (D:1)
  3 bats (D:1)
  3 rats (D:1)
11 creatures vanquished.

Notes
Turn   | Place    | Note
-------+----------+-------------------------------------------
     0 | D:1      | Borgoz the Halfling Fighter began the quest for the Orb.
     0 | D:1      | Reached XP level 1. HP: 15/15 MP: 1/1
   108 | D:1      | Reached XP level 2. HP: 20/20 MP: 2/2
   708 | D:1      | Slain by a gnoll

Illustrated notes

Levels and vault maps discovered:
D:1:      dpeg_arrival_stone_temple_mockup, layout_basic, moated_statue,
          corexii_corridor_pit
D:2:      minmay_roachtagon, layout_rooms

Action                   || total
-------------------------++-------
Melee: Long sword        ||    24
  Use: Potion            ||     1
Armor: Scale mail        ||    14
Dodge: Dodged            ||    10
Block: Kite shield       ||    12
       Rpst.: Long sword ||     3

Table legend: (Time is in decaauts)
 A = Elapsed time spent in this place.
 B = Non-inter-level travel time spent in this place.
 C = Inter-level travel time spent in this place.
 D = Time resting spent in this place.
 E = Time spent auto-exploring this place.
 F = Levels seen in this place.
 G = Mean time per level.
                   A        B        C        D        E       F      G
               +--------+--------+--------+--------+--------+-----+--------+
         Total |    719 |    678 |     41 |      0 |    607 |   2 |  359.5 |
       Dungeon |    719 |    678 |     41 |      0 |    607 |   2 |  359.5 |
               +--------+--------+--------+--------+--------+-----+--------+

Top non-repeatable levels by time:
     D:1: 713 daAuts
     D:2: 5 daAuts
